 Dungeon Crawl Stone Soup version 0.28.0-53-g5a82cb258f (webtiles) character file.

Game seed: 5960926315906474955

48 Descartes the Ducker (level 3, -1/17 HPs)
             Began as a Felid Berserker on Aug 26, 2022.
             Was a Follower of Trog.
             Slain by a giant cockroach (2 damage)
             ... on level 2 of the Dungeon.
             The game lasted 00:01:11 (955 turns).

Descartes the Ducker (Felid Berserker)               Turns: 955, Time: 00:01:11

Health: -1/17      AC:  1    Str: 15    XL:     3   Next: 50%
Magic:  4/4        EV: 19    Int:  8    God:    Trog [*.....]
Gold:   65         SH:  0    Dex: 15    Spells: 2/2 levels left
                                        Lives:  0   Deaths: 0

rFire   . . .      SeeInvis +     - Unarmed
rCold   . . .      Faith    .   (shield unavailable)
rNeg    . . .      Spirit   .   (armour unavailable)
rPois   .          Reflect  .   (helmet unavailable)
rElec   .          Harm     .   (cloak unavailable)
rCorr   .          Rampage  .   (gloves unavailable)
Will    .....                   (boots unavailable)
Stlth   +.........              (no amulet)
HPRegen 0.05/turn               (no ring)
MPRegen 0.09/turn               (no ring)

@: quick
A: very small, claws 1, fangs 3, see invisible, speed 1, shaggy fur 1, stealthy
paws, no weapons or thrown items, no armour, multi-lived
a: Renounce Religion, Berserk


You were on level 2 of the Dungeon.
You worshipped Trog.
Trog was aware of your devotion.
You visited 1 branch of the dungeon, and saw 2 of its levels.

You collected 65 gold pieces.

Inventory:

Jewellery
 d - an amulet of magic regeneration
Scrolls
 a - a scroll of teleportation {unknown}
 c - a scroll of noise {unknown}
Potions
 b - a potion of magic {unknown}
 e - a potion of haste {unknown}


   Skills:
 + Level 3.5 Fighting
 + Level 4.8 Dodging
 + Level 3.5 Unarmed Combat


You had 2 spell levels left.
You didn't know any spells.
Your spell library was empty.

Dungeon Overview and Level Annotations

Branches:
Dungeon (2/15)

Altars:

Shops:
D:1 [


Innate Abilities, Weirdness & Mutations

You have sharp claws.
You have razor-sharp teeth.
You have supernaturally acute eyesight. (SInv)
You cover ground quickly. (Speed+)
You are covered in fur. (AC +1)
Your paws help you pounce on unaware monsters.
You are incapable of wielding weapons or throwing items.
You cannot wear armour.
You gain extra lives every three experience levels.


Message History

The giant cockroach barely misses you.
You barely miss the kobold.
The kobold is moderately wounded.
The kobold misses you. The giant cockroach bites you.
You scratch the kobold.
You kill the kobold!
Trog accepts your kill. The giant cockroach misses you.
The worm barely misses you.
You scratch the worm.
The worm is moderately wounded.
The kobold hits you with a +0 whip. The giant cockroach barely misses you.
You scratch the worm but do no damage.
The worm is moderately wounded.
The giant cockroach misses you. The kobold completely misses you.
The worm barely misses you.
You scratch the worm.
The worm is heavily wounded.
The giant cockroach bites you but does no damage.
The kobold hits you with a +0 whip. The worm misses you.
You scratch the worm. You claw the worm. You bite the worm.
The worm is severely wounded.
The giant cockroach bites you. The kobold hits you with a +0 whip.
* * * LOW HITPOINT WARNING * * *
The giant cockroach misses you.
You are too injured to fight recklessly!
You are too injured to fight recklessly!
You are too injured to fight recklessly!
You are too injured to fight recklessly!
You are too injured to fight recklessly!
You are too injured to fight recklessly!
You are too injured to fight recklessly!
You are too injured to fight recklessly!
You are too injured to fight recklessly!
You are too injured to fight recklessly!
You are too injured to fight recklessly!
You are too injured to fight recklessly!
You are too injured to fight recklessly!
Unknown command.
The giant cockroach bites you.
You die...

## #. ##### ##. #....##
..... #.. ..!!..#
#........#..#.$##).#
#........#....(##!.#
#........#..w..)(..#
#........##.KB....#
#.........#.@######.
#.....#...##........
#.....#...........##
#.....#.........###
#.....#............
#####.....#......#....#
..........†........!....
#####.....#......#....##
#.....#......######


You could see a worm, a giant cockroach and a kobold.

Vanquished Creatures
  A gnoll (D:1)
  2 adders (D:2)
  A dart slug (D:1)
  A ball python (D:1)
  An endoplasm (D:1)
  A giant cockroach (D:2)
  2 goblins (D:2)
  A hobgoblin (D:1)
  4 bats (D:1)
  A frilled lizard (D:1)
  2 kobolds
  3 rats (D:1)
20 creatures vanquished.

Vanquished Creatures (others)
  4 plants (D:2)
4 creatures vanquished.

Grand Total: 24 creatures vanquished

Notes
Turn   | Place    | Note
-------+----------+-------------------------------------------
     0 | D:1      | Descartes the Felid Berserker began the quest for the Orb.
     0 | D:1      | Reached XP level 1. HP: 10/10 MP: 2/2
   125 | D:1      | Reached XP level 2. HP: 14/14 MP: 3/3
   429 | D:1      | Found Leufupn's Armour Boutique.
   757 | D:2      | Reached XP level 3. HP: 12/17 MP: 4/4
   955 | D:2      | Slain by a giant cockroach

Illustrated notes

Levels and vault maps discovered:
D:1:      mushboom_english_gardens, layout_rooms, serial_shops, shop,
          minmay_misc_feat_enclosed
D:2:      cheibrodos_old_hovel, layout_basic, minmay_randomly_rotated_circles

Action                   || total
-------------------------++-------
Melee: Unarmed           ||    49
       Bite              ||     4
       Punch             ||     1
 Stab: Sleeping          ||     1
Armor: Skin              ||     2
Dodge: Dodged            ||    44
